Map: Lost and Found LE

Players

doomer

  • Race: Zerg Zerg
  • Spawn Location: 7:00

Kallestål - Winner!

  • Race: Zerg Zerg
  • Spawn Location: 1:00

VOD

Have the link to the VOD?

Description

I'm not sure this is more entertaining that my other replay that is weeks and patches old, but it's from today so it's the current patch at least

Time

  • Played on: Aug. 25, 2018, 1:30 p.m.
  • Length: 19:33
Show
View Real Time Build Order
Export as new Build Order

doomer Zerg 

Build Orders: Pool First 

Get SALT Encoding   

  12  0:01  Drone  
  13  0:12  Overlord  
  13  0:24  Drone  
  14  0:33  Drone x2  
  16  0:36  Drone  
  17  1:14  Spawning Pool  
  16  1:54  Extractor  
  15  2:03  Hatchery  
  15  2:05  Zergling x4  
  15  2:06  Zergling x2  
  17  2:20  Drone  
  18  2:54  Roach Warren  
  18  2:56  Zergling x2  
  18  2:57  Zergling x4  
  16  3:17  Zergling x4  
  13  3:31  Drone  
  14  3:43  Queen  
  14  3:47  Drone  
  17  4:02  Spine Crawler  
  17  4:04  Drone  
  16  4:17  Drone x2  
  18  4:25  Drone  
  19  4:34  Queen  
  21  5:13  Overlord x2  
  21  5:32  Hatchery, Drone x2  
  21  5:33  Drone  
  23  5:49  Queen  
  25  5:53  Extractor  
  25  5:56  Drone x3  
  27  6:24  Roach  
  29  6:27  Zergling x6  
  29  6:28  Zergling x2  
  33  6:43  Evolution Chamber  
  33  6:44  Drone x2  
  34  6:57  Drone x3  
  37  7:08  Extractor  
  36  7:12  Spore Crawler  
  36  7:13  Drone x2  
  36  7:14  Drone  
  38  7:17  Drone x2  
  40  7:34  Drone x3  
  43  7:37  Overlord x2  
  43  7:43  Zerg Missile Weapons Level 1  
  43  7:55  Drone x2  
  43  7:56  Drone  
  43  7:58  Drone x4  
  48  7:59  Drone  
  51  8:15  Roach  
  51  8:16  Roach x3  
  51  8:18  Lair  
  59  8:31  Extractor  
  58  8:40  Overlord x3  
  58  8:41  Overlord  
  58  9:02  Drone x2  
  60  9:03  Roach x4  
  60  9:04  Roach  
  70  9:12  Drone x3  
  70  9:13  Drone x2  
  75  9:23  Spore Crawler  
  74  9:25  Spore Crawler  
  74  9:28  Spore Crawler  
  74  9:29  Spore Crawler x2  
  70  9:32  Spore Crawler  
  69  9:43  Spore Crawler  
  62  10:04  Drone x5  
  62  10:06  Drone x5  
  51  10:31  Spore Crawler  
  50  10:38  Spore Crawler  
  49  10:44  Hydralisk Den  
  49  10:45  Metabolic Boost  
  45  11:34  Hydralisk x15  
  75  11:44  Lurker Den  
  74  11:48  Spore Crawler  
  74  11:51  Overlord x5  
  74  11:52  Overlord  
  73  12:00  Extractor  
  72  12:14  Hydralisk, Drone x2  
  76  12:30  Hatchery, Drone x3  
  76  12:31  Hydralisk  
  80  12:41  Drone  
  80  12:42  Spore Crawler  
  80  13:03  Hydralisk x8  
  80  13:04  Hydralisk x5  
  100  13:29  Hydralisk x5  
  108  13:37  Overlord x2  
  108  13:38  Overlord x3  
  108  13:43  Extractor  
  107  13:52  Queen, Drone x2  
  111  13:56  Drone x2  
  113  14:05  Overseer x4  
  113  14:13  Drone x5  
  113  14:14  Drone x2  
  120  14:23  Drone  
  120  14:24  Drone x4  
  125  14:26  Extractor  
  125  14:28  Extractor  
  123  14:32  Grooved Spines  
  123  14:38  Drone x2  
  123  14:39  Drone  
  126  14:51  Hatchery  
  125  15:04  Drone  
  125  15:05  Drone x2  
  128  15:09  Spore Crawler  
  127  15:16  Hydralisk x8  
  143  15:30  Lurker x3  
  143  15:33  Overlord x4  
  146  15:43  Overlord x2  
  146  15:50  Evolution Chamber  
  146  15:52  Evolution Chamber  
  127  16:29  Hatchery  
  120  16:33  Hydralisk x13  
  146  16:51  Burrow  
  146  16:58  Hatchery  
  145  17:01  Lurker  
  145  17:02  Lurker  
  147  17:36  Zergling x18  
Show
View Real Time Build Order
Export as new Build Order

Kallestål Zerg - Winner!

Build Orders: Pool First 

Get SALT Encoding   

  12  0:18  Spawning Pool  
  11  1:13  Spine Crawler  
  11  1:16  Evolution Chamber  
  9  1:19  Evolution Chamber  
  8  1:29  Drone  
  8  1:31  Zergling x4  
  11  1:44  Spine Crawler  
  12  2:00  Zergling x2, Evolution Chamber  
  12  2:03  Spine Crawler  
  12  2:04  Evolution Chamber  
  12  2:05  Zergling x2  
  12  2:06  Zergling x2  
  13  2:18  Zergling x2  
  14  2:33  Overlord  
  14  2:51  Queen  
  16  2:53  Extractor, Drone  
  15  2:59  Zergling x4  
  16  3:14  Zergling x2  
  13  3:46  Drone x2  
  13  3:47  Drone  
  15  4:22  Drone  
  16  4:27  Hatchery  
  15  4:53  Drone x3  
  18  5:18  Drone x3  
  21  5:27  Drone  
  22  5:39  Drone  
  23  5:47  Drone x3  
  26  5:52  Lair  
  26  5:55  Drone x2  
  28  6:01  Overlord  
  28  6:22  Extractor  
  27  6:28  Queen  
  27  6:29  Drone x3  
  32  6:32  Overlord  
  32  6:33  Overlord  
  32  6:45  Spine Crawler  
  31  6:51  Spire  
  30  6:56  Drone x2  
  30  6:57  Drone x3  
  30  6:59  Extractor  
  34  7:11  Drone x2  
  36  7:24  Drone x3  
  36  7:25  Drone x2  
  41  7:42  Drone  
  41  7:43  Drone  
  43  7:44  Drone  
  44  7:57  Overlord x2  
  44  7:58  Overlord  
  44  8:05  Zerg Flyer Weapons Level 1  
  44  8:15  Mutalisk x4  
  44  8:16  Hatchery  
  52  8:28  Mutalisk  
  52  8:29  Mutalisk x2  
  58  8:40  Mutalisk  
  60  8:41  Hatchery  
  60  8:45  Extractor  
  58  8:49  Mutalisk  
  60  8:56  Mutalisk  
  62  9:09  Mutalisk  
  64  9:28  Drone x3  
  64  9:29  Overlord x2  
  67  9:47  Queen  
  67  9:52  Mutalisk x3  
  75  10:04  Spine Crawler  
  75  10:05  Zerg Flyer Armor Level 1, Spine Crawler  
  66  10:36  Drone x3  
  66  10:37  Queen, Drone x3  
  72  11:00  Mutalisk  
  72  11:01  Mutalisk x3  
  72  11:03  Overlord x3  
  74  11:26  Drone x3  
  71  11:34  Infestation Pit  
  71  11:37  Drone x2  
  72  11:41  Queen  
  74  11:59  Extractor  
  73  12:17  Zergling x2  
  73  12:18  Zergling x38  
  73  12:19  Zergling x10  
  98  12:23  Hatchery  
  98  12:29  Zerg Flyer Weapons Level 2  
  97  12:31  Hive  
  97  12:33  Hatchery  
  96  12:39  Hatchery, Evolution Chamber  
  96  12:40  Evolution Chamber  
  93  12:46  Overlord x2  
  93  13:22  Mutalisk x10  
  101  13:40  Zergling x16  
  109  13:48  Ultralisk Cavern, Drone  
  109  14:00  Drone x2  
  109  14:01  Drone  
  112  14:04  Drone  
  113  14:17  Baneling Nest  
  113  14:21  Drone x2  
  113  14:22  Drone x5  
  119  14:24  Queen  
  121  14:48  Zerg Flyer Weapons Level 3, Chitinous Plating  
  121  14:51  Ultralisk  
  127  15:01  Baneling x14  
  127  15:03  Drone x3  
  130  15:13  Drone x3  
  133  15:15  Drone x3  
  133  15:17  Drone x3  
  139  15:24  Overlord x2  
  139  15:28  Metabolic Boost  
  139  15:49  Zerg Ground Armor Level 1, Zerg Melee Weapons Level 1  
  139  16:00  Ultralisk  
  145  16:07  Extractor  
  128  16:16  Zergling x22  
  128  16:17  Zergling x40  
  143  16:28  Extractor  
  143  16:29  Extractor  
  128  16:36  Zergling x2  
  128  16:37  Zergling x14  
  129  16:48  Extractor, Ultralisk  
  129  16:49  Extractor, Ultralisk  
  139  16:55  Baneling x9  
  139  16:56  Baneling x8  
  139  17:04  Centrifical Hooks  
  139  17:07  Drone  
  139  17:08  Drone x2  
  142  17:09  Drone x2  
  142  17:10  Drone  
  142  17:13  Queen  
  147  17:18  Overlord  
  147  17:43  Drone x3  
  150  17:51  Overseer x5  
  140  18:10  Mutalisk x2  
  140  18:11  Mutalisk x6  
  143  18:36  Overlord x5  
  143  18:38  Hatchery  
  110  18:51  Baneling  
  110  18:52  Baneling x21  
  104  19:01  Hatchery  
  95  19:19  Baneling  
Tags
 
Add a new tag
Caveats
  • Supply blocks, unpowered buildings, or Contaminate may cause inaccurate times.
  • Supply counts are checked every 10 seconds.